 Dungeon Crawl Stone Soup version 0.22-a0-605-g9281fa2 (webtiles) character file.

502859 royokou the Executioner (level 23, -14/229 HPs)
             Began as a Minotaur Fighter on July 7, 2018.
             Was the Champion of Makhleb.
             Killed from afar by a golden dragon (27 damage)
             ... with a bolt of cold
             ... on level 5 of the Vaults.
             The game lasted 04:33:26 (56587 turns).

royokou the Executioner (Minotaur Fighter)         Turns: 56587, Time: 04:33:27

Health: -14/229    AC: 29    Str: 24    XL:     23   Next: 79%
Magic:  0/29       EV: 16    Int:  5    God:    Makhleb [******]
Gold:   4680       SH:  0    Dex: 14    Spells: 21/30 levels left

rFire    + + +     SeeInvis .   j - +3 executioner's axe (chop)
rCold    . . .     Gourm    .   (shield currently unavailable)
rNeg     + + +     Faith    .   O - +6 plate armour {rF+}
rPois    .         Spirit   +   (helmet restricted)
rElec    .         Reflect  .   F - +0 cloak of Trog's Regard {MR++}
rCorr    .         Harm     .   c - +2 pair of gloves
MR       ++++.     Rnd*Rage +   p - +2 pair of boots
Stlth    ..........             k - amulet of guardian spirit
HPRegen  0.48/turn              Q - ring "Xolehoi" {*Contam rF++ rN+++ Int-3 Stlth-}
MPRegen  0.21/turn              X - ring of protection from magic

@: lethally poisoned (-14 -> -17)
A: retaliatory headbutt, horns 2, berserk 1
}: 3/15 runes: decaying, serpentine, silver
a: Minor Destruction, Lesser Servant of Makhleb, Major Destruction, Greater
Servant of Makhleb, Renounce Religion


You were on level 5 of the Vaults.
You worshipped Makhleb.
Makhleb was exalted by your worship.
You were not hungry.

You visited 8 branches of the dungeon, and saw 42 of its levels.
You visited the Abyss 3 times.
You also visited: Sewer and Ice Cave.

You collected 6226 gold pieces.
You spent 1546 gold pieces at shops.

Inventory:

Hand Weapons
 a - a +0 morningstar
 j - a +3 executioner's axe of chopping (weapon)
Armour
 c - a +2 pair of gloves (worn)
 p - a +2 pair of boots (worn)
 F - the +0 cloak of Trog's Regard (worn) {MR++}
   (You found it on level 6 of the Dungeon)

   It affects your resistance to hostile enchantments.
 O - a +6 plate armour of fire resistance (worn)
 W - a scarf of resistance
Jewellery
 k - an amulet of guardian spirit (around neck)
 l - a +5 ring of dexterity
 v - a +6 ring of evasion
 y - an uncursed ring of protection from cold
 N - an uncursed ring of see invisible
 Q - the ring "Xolehoi" (left hand) {*Contam rF++ rN+++ Int-3 Stlth-}
   (You found it on level 1 of the Snake Pit)

   [ring of loudness]

   It affects your intelligence (-3).
   It greatly protects you from fire.
   It renders you almost immune to negative energy.
   It causes magical contamination when unequipped.
   It makes you less stealthy.
 X - a ring of protection from magic (right hand)
Wands
 r - a wand of digging (51)
 u - a wand of acid (7)
 x - a wand of disintegration (12)
 A - a wand of paralysis (50)
 P - a wand of iceblast (58)
Scrolls
 e - 3 scrolls of enchant weapon
 h - 9 scrolls of fog
 o - 13 scrolls of teleportation
 q - 24 scrolls of remove curse
 w - 5 scrolls of fear
 E - 11 scrolls of amnesia
 H - 21 scrolls of identify
 K - 5 scrolls of immolation
 L - 3 scrolls of acquirement
 R - 3 scrolls of holy word
 S - a scroll of blinking
 T - 3 scrolls of brand weapon
 V - 8 scrolls of silence
 Y - 4 scrolls of enchant armour
 Z - 3 scrolls of magic mapping
Potions
 b - 8 potions of cancellation
 d - 3 potions of might
 g - 6 potions of lignification
 i - 6 potions of resistance
 n - 5 potions of agility
 t - 18 potions of curing
 z - 3 potions of magic
 B - 10 potions of haste
 C - 3 potions of invisibility
 D - 7 potions of heal wounds
 G - 10 potions of flight
 I - 5 potions of mutation
 J - a potion of brilliance
 M - 3 potions of ambrosia
 U - 3 potions of berserk rage
Miscellaneous
 m - a lamp of fire
 s - a fan of gales
Comestibles
 f - 67 rations


   Skills:
 + Level 24.0 Fighting
 - Level 26.9 Axes
 - Level 11.8 Armour
 - Level 17.3 Dodging
   Level 3.6 Shields
 - Level 4.0 Spellcasting
 - Level 14.3 Translocations
 - Level 10.1 Invocations


You had 21 spell levels left.
You knew the following spells:

 Your Spells              Type           Power        Failure   Level  Hunger
a - Blink                 Tloc           N/A          1%          2    ###....
b - Teleport Other        Tloc           ###.....     3%          3    ####...
c - Passage of Golubria   Tloc           N/A          10%         4    #####..

Your spell library contained the following spells:

 Spells                   Type           Power        Failure   Level  Hunger
 Cause Fear               Hex            #.........   100%        4    #####..
 Magic Dart               Conj           #...         98%         1    ##.....
 Conjure Flame            Conj/Fire      #.......     100%        3    ####...
 Bolt of Fire             Conj/Fire      #.........   100%        6    #######
 Lightning Bolt           Conj/Air       #.........   100%        5    ######.
 Bolt of Magma            Conj/Fire/Erth #.........   100%        5    ######.
 Slow                     Hex            #.......     99%         2    ###....
 Confuse                  Hex            #.......     100%        3    ####...
 Mephitic Cloud           Conj/Pois/Air  #.......     100%        3    ####...
 Sticky Flame             Conj/Fire      #.......     100%        4    #####..
 Call Imp                 Summ           #.......     99%         2    ###....
 Tukima's Dance           Hex            #.......     100%        3    ####...
 Summon Demon             Summ           #.........   100%        5    ######.
 Iron Shot                Conj/Erth      #.........   100%        6    #######
 Stone Arrow              Conj/Erth      #.....       100%        3    ####...
 Recall                   Summ/Tloc      N/A          50%         3    ####...
 Statue Form              Tmut/Erth      #........    100%        6    #######
 Dragon Form              Tmut           #.........   100%        7    #######
 Throw Icicle             Conj/Ice       #.......     100%        4    #####..
 Shadow Creatures         Summ           N/A          100%        6    #######
 Flame Tongue             Conj/Fire      #....        98%         1    ##.....
 Passwall                 Tmut/Erth      #.......     99%         2    ###....
 Ensorcelled Hibernation  Hex/Ice        #.....       99%         2    ###....
 Silence                  Hex/Air        #.........   100%        5    ######.
 Shatter                  Erth           #.........   100%        9    #######
 Static Discharge         Conj/Air       #.......     100%        3    ####...
 Corona                   Hex            #......      98%         1    ##.....
 Lee's Rapid Deconstruct  Erth           #.........   100%        5    ######.
 Sandblast                Erth           #.....       98%         1    ##.....
 Portal Projectile        Hex/Tloc       #.....       50%         3    ####...
 Petrify                  Tmut/Erth      #.......     100%        4    #####..
 Tornado                  Air            #.........   100%        9    #######
 Leda's Liquefaction      Hex/Erth       #.........   100%        4    #####..
 Darkness                 Hex            #.........   100%        6    #######
 Shroud of Golubria       Chrm/Tloc      #.........   28%         2    ###....
 Inner Flame              Hex/Fire       #.......     100%        3    ####...
 Aura of Abjuration       Summ           #.........   100%        5    ######.
 Dazzling Spray           Conj/Hex       #.....       100%        3    ####...
 Summon Forest            Summ/Tloc      #.........   99%         5    ######.
 Dragon's Call            Summ           #.........   100%        9    #######
 Spellforged Servitor     Conj/Summ      #.........   100%        7    #######
 Summon Mana Viper        Hex/Summ       #.......     100%        5    ######.
 Gell's Gravitas          Tloc           ###.......   3%          3    ####...
 Yara's Violent Unravell  Hex/Tmut       #.........   100%        5    ######.
 Lesser Beckoning         Tloc           ###.......   3%          3    ####...
 Ignition                 Fire           #.........   100%        8    #######
 Borgnjor's Vile Clutch   Necr/Erth      #.........   100%        5    ######.


Dungeon Overview and Level Annotations

Branches:
Dungeon (15/15)            Temple (1/1) D:5            Lair (6/6) D:10
  Swamp (4/4) Lair:3        Snake (4/4) Lair:2        Slime (0/5) Lair:6
    Orc (2/2) D:11            Elf (0/3) Orc:2        Vaults (5/5) D:13
  Crypt (0/3) Vaults:2     Depths (5/5) D:15            Zot (0/5) Depths:5

Altars:
Ashenzari
Cheibriados
Dithmenos
Elyvilon
Fedhas
Gozag
Hepliaklqana
Kikubaaqudgha
Makhleb
Nemelex Xobeh
Okawaru
Qazlal
Ru
Sif Muna
Trog
Uskayaw
Vehumet
Wu Jian
Xom
Yredelemnul
Zin
The Shining One

Shops:
Orc:1 (?   Orc:2 [?[!   Vaults:1 (   Vaults:3 %?[   Vaults:5 :   Depths:2 }
Depths:4 }=}

Portals:
Hell: Depths:1 Depths:2 Depths:3 Depths:4 Depths:5
Abyss: Depths:3 Depths:5
Pandemonium: Depths:3
Ziggurat: Depths:1

Annotations:
D:9 3 runed doors, AtomicRavioli's ghost, journeyman NaAK; Tang's ghost, novice GnWz; richr's ghost, journeyman TeAE
Lair:5 2 transporters, exclusion: oklob plant, Peony's ghost, adept GrGl
Swamp:3 Mara
Vaults:1 3 runed doors, Ale Qeul's ghost, adept DsFi
Vaults:2 1 runed door, Bidatih's ghost, adept MiBe
Depths:3 the Enchantress


Innate Abilities, Weirdness & Mutations

You reflexively headbutt those who attack you in melee.
You have a pair of horns on your head.
You tend to lose your temper in combat.


Message History

The vault warden hits you but does no damage.
As you read the scroll of teleportation, it crumbles to dust.
You feel strangely unstable.
You feel sick.
Your green death hits the ironbrand convoker!!
The titan hits you!
* * * LOW HITPOINT WARNING * * *
The tengu reaver hits you with an enchanted war axe!
* * * LOW HITPOINT WARNING * * *
The tengu reaver closely misses you.
The tengu reaver claws you but does no damage.
You feel sick.
The ironbrand convoker hits your green death with a great mace!!
Your green death closely misses the ironbrand convoker.
The vault warden completely misses you.
Your surroundings suddenly seem different.
You feel sick.
The golden dragon roars deafeningly!
The golden dragon breathes cold at you. The bolt of cold hits you!
You die...

#..##..#.#.##.##... ###
#..##..#.#..#..######..
#..##..#.##.##........#
#..###.#..#..##########
#..##.....##...........
#..#..#....############
#.....##...............
#..).##################
#.....@.*.........
#.......Q.........
#.....D........... .
#................. .
#...)############# #
#.......# #..#...*#
#..#...D....#
#..#........# .


You could see a golden dragon, a tengu reaver and a battlesphere.

Vanquished Creatures
  Boris (thrice) (Vaults:2 Vaults:3 Vaults:4)
  Sojobo (Depths:1)
  Bai Suzhen (Swamp:3)
  Margery (Vaults:4)
  Frederick (Vaults:3)
  Saint Roka (Vaults:1)
  Jory (Depths:5)
  Xtahua (Vaults:4)
  Jorgrun (Vaults:1)
  3 tentacled monstrosities
  4 liches (Depths:3)
  2 quicksilver dragons
  Asterion (Snake:1)
  4 titans
  Frances (D:13)
  3 thorn hunters
  3 sphinxes
  2 ancient champions (Vaults:2)
  2 tentacled starspawn
  3 storm dragons
  9 shadow dragons
  7 tengu reavers
  A draconian monk (Depths:5)
  Roxanne (Snake:1)
  An iron dragon (Depths:4)
  A draconian knight (Depths:5)
  5 nagarajas (Snake:4)
  A frost giant (shapeshifter) (Depths:3)
  6 vault wardens
  6 fire giants
  8 frost giants
  A balrug (Abyss:3)
  2 deep elf sorcerers
  An orc warlord (D:11)
  Aizul (Depths:3)
  Louise (Snake:1)
  2 spriggan defenders (Depths:3)
  A draconian shifter (Depths:5)
  6 very ugly things
  10 ironheart preservers
  3 vampire knights
  5 war gargoyles
  17 stone giants
  A green draconian (Depths:5)
  Azrael (D:12)
  4 deep elf demonologists
  A lorocyproca (Abyss:3)
  6 spark wasps
  2 deep elf annihilators
  A yellow draconian (Depths:5)
  2 red draconians (Depths:5)
  Josephine (Snake:1)
  2 deep elf death magi
  An ettin (shapeshifter) (Depths:4)
  7 fire dragons
  8 ettins
  3 jiangshi (Depths:3)
  18 yaktaur captains
  7 great orbs of eyes
  11 naga warriors
  Erolcha (D:12)
  A deep elf high priest (Depths:5)
  4 rakshasas
  7 ice dragons
  22 vault guards
  16 hydras
  3 spriggan air magi
  A ghost crab (Swamp:4)
  11 centaur warriors
  4 death knights
  16 alligators
  19 ogre magi
  51 two-headed ogres
  16 anacondas
  7 deep troll shamans
  6 deep troll earth magi
  5 large abominations (Abyss:3)
  5 tengu warriors (Depths:4)
  2 vampire magi
  10 shock serpents
  A spriggan berserker (Depths:5)
  A thrashing horror (Abyss:3)
  14 naga sharpshooters
  A sun demon (Abyss:3)
  A fire crab (shapeshifter) (D:14)
  A wretched star (Abyss:3)
  4 deep elf knights
  A shadow wraith (Vaults:4)
  4 iron trolls
  2 salamander mystics (Snake:2)
  The ghost of AllHailThrall the Cleaver, a novice DsGl of Okawaru (D:8)
  6 skeletal warriors
  3 unseen horrors (Vaults:1)
  8 hell knights
  24 deep trolls
  An unseen horror (shapeshifter) (Vaults:4)
  A glowing orange brain (Vaults:2)
  4 flayed ghosts
  A lindwurm (shapeshifter) (Vaults:5)
  3 starcursed masses (Abyss:3)
  6 deep elf archers
  7 wizards
  9 swamp dragons
  4 naga ritualists
  14 orc knights
  7 sea snakes (Snake:4)
  2 tengu zombies (Vaults:4)
  5 harpies (Vaults:1)
  2 shambling mangroves
  9 necromancers
  21 ironbrand convokers
  7 wolf spiders
  8 orc sorcerers
  A harpy (shapeshifter) (D:15)
  9 mana vipers
  8 phantasmal warriors
  37 ugly things
  9 deep elf magi
  A wolf spider (shapeshifter) (Vaults:5)
  11 salamanders
  A manticore (D:15)
  A shining eye (Abyss:3)
  A stone giant zombie (Vaults:1)
  8 cyclopes
  An ice statue (IceCv)
  A worldbinder (Abyss:3)
  A human skeleton (Vaults:3)
  An elephant (shapeshifter) (Depths:1)
  5 guardian serpents
  4 elephants (Lair:3)
  41 black mambas
  4 vault sentinels
  An apocalypse crab (Abyss:3)
  13 spiny frogs
  8 naga magi
  3 gargoyles
  A yaktaur zombie (Vaults:4)
  2 yaktaurs (shapeshifter)
  6 freezing wraiths
  41 yaktaurs
  3 efreet
  5 komodo dragons
  3 ice devils
  A hellwing (Abyss:3)
  A red devil (Abyss:3)
  A meliai (D:15)
  2 trolls (shapeshifter)
  2 queen bees (shapeshifter)
  2 ancient zymes (Abyss:3)
  2 tengu conjurers (Depths:4)
  A polar bear (shapeshifter) (D:13)
  15 trolls
  20 hornets
  A raiju (shapeshifter) (Vaults:2)
  A tengu simulacrum (Vaults:4)
  7 tyrant leeches
  A harpy skeleton (Vaults:1)
  8 raiju
  15 blink frogs
  10 polar bears
  32 slime creatures
  An ettin zombie (Vaults:3)
  7 bog bodies
  13 dream sheep (Lair:5)
  8 hippogriffs
  2 stone giant simulacra
  A flying skull (Depths:3)
  A ynoxinul (Abyss:3)
  A spriggan (shapeshifter) (Vaults:4)
  A shadow (Vaults:2)
  A redback (Lair:6)
  A redback (shapeshifter) (Vaults:5)
  11 spriggans
  8 water elementals
  A wyvern (shapeshifter) (D:14)
  11 wraiths
  12 wyverns
  42 yaks
  2 basilisks
  A hog (shapeshifter) (Vaults:1)
  2 steam dragons
  2 hungry ghosts
  Eustachio (D:4)
  Grum (Lair:1)
  A chaos spawn (Abyss:3)
  10 wargs
  21 vampire mosquitoes
  2 neqoxecs (Abyss:3)
  4 fire elementals
  9 insubstantial wisps
  3 soldier ants
  50 nagas
  18 swamp worms
  2 wargs (shapeshifter)
  An acid dragon (Vaults:1)
  21 hell hounds
  A swamp worm (shapeshifter) (Vaults:5)
  22 water moccasins
  A meliai simulacrum (D:15)
  12 porcupines
  13 black bears
  6 sky beasts
  34 orc warriors
  11 swamp drakes
  An eye of draining (shapeshifter) (Depths:1)
  2 necrophages
  55 ogres
  A black bear (shapeshifter) (Vaults:2)
  2 phantoms
  10 ice beasts
  5 boggarts
  4 eyes of draining
  13 centaurs
  17 wolves
  17 crocodiles
  16 bullfrogs
  A water moccasin zombie (D:11)
  4 big kobolds
  3 small abominations (Abyss:3)
  A bullfrog (shapeshifter) (Depths:5)
  3 gnoll sergeants
  2 wyvern skeletons
  8 scorpions
  9 killer bees (D:9)
  10 wights
  9 howler monkeys
  An electric eel (Lair:3)
  10 crimson imps
  A yaktaur simulacrum (Vaults:1)
  3 centaur zombies
  A human simulacrum (Vaults:1)
  A bullfrog zombie (D:13)
  A quasit (Abyss:3)
  2 centaur skeletons
  13 hounds
  5 jellies
  A gnoll shaman (D:7)
  16 orc priests
  A bullfrog skeleton (D:11)
  25 orc wizards
  An iron imp (Abyss:3)
  Terence (D:3)
  2 iguanas
  7 worker ants
  A killer bee zombie (D:8)
  3 hound skeletons
  26 gnolls
  11 adders
  3 shadow imps
  4 oozes
  4 worms
  A dart slug (D:1)
  6 leopard geckos
  90 orcs
  6 giant cockroaches
  6 hobgoblins
  15 jackals
  24 kobolds
  7 quokkas
  8 bats
  9 frilled lizards
  6 goblins
  13 rats
  11 briar patches
  3 fungi
  8 plants
1877 creatures vanquished.

Vanquished Creatures (collateral kills)
  Mennas (Vaults:2)
  the Lernaean hydra (Swamp:4)
  A titan (Vaults:3)
  A lich (Depths:2)
  A tengu reaver (Depths:1)
  A nagaraja (Snake:4)
  A storm dragon (Vaults:3)
  A frost giant (Depths:1)
  A spriggan defender (Depths:3)
  3 stone giants
  A deep elf death mage (Vaults:4)
  A vault guard (Vaults:5)
  A great orb of eyes (Vaults:1)
  A rakshasa (Vaults:1)
  2 hydras (Swamp:4)
  3 two-headed ogres
  A death knight (Vaults:2)
  An anaconda (Snake:4)
  4 naga sharpshooters
  A skeletal warrior (Vaults:2)
  A glowing orange brain (Vaults:2)
  6 hell knights
  A wizard (Vaults:2)
  3 sea snakes (Snake:4)
  A swamp dragon (Swamp:4)
  An ironbrand convoker (Vaults:2)
  5 deep trolls
  A naga ritualist (Snake:4)
  2 mana vipers
  A deep elf mage (Depths:3)
  2 ugly things (Depths:2)
  3 guardian serpents (Snake:4)
  3 naga magi (Snake:4)
  2 black mambas (Snake:4)
  A vault sentinel (Vaults:4)
  An ice statue (IceCv)
  3 yaktaurs
  A troll (Vaults:2)
  A bog body (Swamp:4)
  A hippogriff (shapeshifter) (Vaults:1)
  A slime creature (Vaults:1)
  A spriggan (Depths:3)
  2 acid dragons
  11 nagas
  3 orc warriors
  2 boggarts
  An orc wizard (Vaults:1)
  2 orcs (Vaults:2)
91 creatures vanquished.

Vanquished Creatures (others)
  A vampire knight (Depths:5)
  2 vault guards (Vaults:5)
  A salamander (Snake:2)
  A warg (Orc:1)
  A naga (Snake:4)
  A swamp drake (Swamp:4)
  An ogre (Vaults:3)
  A howler monkey (D:14)
  An orc priest (Vaults:2)
  2 briar patches
  2 fungi (Lair:6)
  8 plants (Lair:6)
  4 starspawn tentacles (Abyss:1)
  4 withered plants (D:9)
30 creatures vanquished.

Grand Total: 1998 creatures vanquished

Notes
Turn   | Place    | Note
-------+----------+-------------------------------------------
     0 | D:1      | royokou the Minotaur Fighter began the quest for the Orb.
     0 | D:1      | Reached XP level 1. HP: 19/19 MP: 0/0
    62 | D:1      | Reached skill level 3 in Axes
    66 | D:1      | Reached XP level 2. HP: 18/26 MP: 1/1
    75 | D:1      | Found a shattered altar of Ashenzari.
   341 | D:1      | Reached skill level 4 in Axes
   486 | D:2      | Reached XP level 3. HP: 31/31 MP: 2/2
   512 | D:2      | Found a hazy altar of Hepliaklqana.
   518 | D:2      | Found a sacrificial altar of Ru.
   596 | D:2      | Found a white marble altar of Elyvilon.
   617 | D:2      | Found a shattered altar of Ashenzari.
   797 | D:2      | Reached skill level 5 in Axes
  1049 | D:3      | Reached XP level 4. HP: 37/39 MP: 3/3
  1450 | D:3      | Noticed Terence
  1463 | D:3      | Killed Terence
  1463 | D:3      | Reached skill level 6 in Axes
  1472 | D:3      | Noticed an ice beast
  1481 | D:3      | Killed an ice beast
  1481 | D:3      | Reached skill level 7 in Axes
  1481 | D:3      | Reached XP level 5. HP: 34/45 MP: 4/4
  1588 | D:3      | Reached XP level 6. HP: 48/51 MP: 3/5
  2123 | D:4      | Reached skill level 8 in Axes
  2188 | D:4      | Found a bloodstained altar of Trog.
  2267 | D:4      | You fall through a shaft for 3 floors!
  2311 | D:7      | Noticed a hippogriff
  2324 | D:7      | Killed a hippogriff
  2324 | D:7      | Reached skill level 9 in Axes
  2324 | D:7      | Reached XP level 7. HP: 41/57 MP: 3/6
  2398 | D:6      | Noticed a wyvern
  2406 | D:6      | Killed a wyvern
  2406 | D:6      | Reached skill level 10 in Axes
  2733 | D:6      | Reached skill level 11 in Axes
  2763 | D:6      | Reached XP level 8. HP: 61/64 MP: 7/7
  2867 | D:6      | Reached skill level 12 in Axes
  3037 | D:6      | Found a glowing drain.
  3050 | Sewer    | Entered a sewer
  3143 | Sewer    | Found a white marble altar of Elyvilon.
  3425 | D:6      | Got a smoking cloak
  3436 | D:6      | Identified the cursed +0 cloak of Trog's Regard {MR++} (You found it on level 6 of the Dungeon)
  3534 | D:5      | Entered Level 5 of the Dungeon
  3539 | D:5      | Found a staircase to the Ecumenical Temple.
  3548 | Temple   | Entered the Ecumenical Temple
  3607 | Temple   | Became a worshipper of Makhleb the Destroyer
  3672 | D:5      | Reached skill level 13 in Axes
  4304 | D:4      | Found a sparkling altar of Nemelex Xobeh.
  4348 | D:4      | Reached XP level 9. HP: 67/70 MP: 8/8
  4389 | D:4      | Noticed Eustachio
  4425 | D:4      | Killed Eustachio
  4551 | D:4      | Found an ornate altar of the Wu Jian Council.
  4597 | D:4      | Reached skill level 14 in Axes
  5301 | D:7      | Found a sparkling altar of Nemelex Xobeh.
  5554 | D:7      | Reached skill level 15 in Axes
  5612 | D:7      | Reached * piety under Makhleb
  5985 | D:8      | Cast into level 1 of the Abyss (gnoll)
  6001 | Abyss:1  | Noticed an efreet
  6005 | Abyss:1  | Killed an efreet
  6028 | Abyss:1  | Noticed a freezing wraith
  6054 | Abyss:1  | Noticed a tentacled starspawn
  6066 | Abyss:1  | Killed a tentacled starspawn
  6066 | Abyss:1  | Reached skill level 16 in Axes
  6066 | Abyss:1  | Reached XP level 10. HP: 32/77 MP: 6/9
  6076 | Abyss:1  | Noticed a thrashing horror
  6084 | Abyss:1  | Noticed a wretched star
  6097 | D:8      | Escaped the Abyss
  6581 | D:8      | Reached skill level 17 in Axes
  6802 | D:8      | Reached skill level 1 in Dodging
  7106 | D:8      | Found a runed gate.
  7107 | D:8      | Found a runed gate.
  7109 | D:8      | Found a runed gate.
  7109 | D:8      | Noticed AllHailThrall's ghost (novice DsGl)
  7136 | D:8      | Killed AllHailThrall's ghost
  7403 | D:9      | Reached ** piety under Makhleb
  7421 | D:9      | Reached skill level 5 in Fighting
  7429 | D:9      | Found an ancient bone altar of Kikubaaqudgha.
  7532 | D:9      | Found a deep blue altar of Sif Muna.
  7634 | D:9      | Found a runed gate.
  7634 | D:9      | Found a runed gate.
  7634 | D:9      | Found a runed gate.
  7634 | D:9      | Noticed richr's ghost (journeyman TeAE)
  7642 | D:9      | Paralysed by a hornet for 1 turns
  7878 | D:9      | Noticed AtomicRavioli's ghost (journeyman NaAK)
  7879 | D:9      | Noticed Tang's ghost (novice GnWz)
  7921 | D:9      | Reached XP level 11. HP: 89/89 MP: 10/10
  7948 | D:9      | Reached *** piety under Makhleb
  8462 | D:9      | Found a shimmering altar of Xom.
  8462 | D:9      | Found a stormy altar of Qazlal.
  8464 | D:9      | Found a shadowy altar of Dithmenos.
  8467 | D:9      | Found an opulent altar of Gozag.
  8544 | D:10     | Entered Level 10 of the Dungeon
  8615 | D:10     | Reached skill level 18 in Axes
  8627 | D:10     | Noticed a two-headed ogre
  8856 | D:10     | Killed a two-headed ogre
  9138 | D:10     | Found a staircase to the Lair.
  9229 | D:10     | Reached skill level 5 in Dodging
  9347 | D:10     | Noticed a two-headed ogre
  9349 | D:10     | Noticed a purple ugly thing
  9363 | D:10     | Killed a purple ugly thing
  9367 | D:10     | Killed a two-headed ogre
  9521 | Lair:1   | Entered Level 1 of the Lair of Beasts
 10436 | Lair:1   | Reached skill level 19 in Axes
 10464 | Lair:1   | Noticed Grum
 10471 | Lair:1   | Killed Grum
 10477 | Lair:1   | Reached **** piety under Makhleb
 11161 | Lair:1   | Identified a scroll of acquirement
 11213 | Lair:2   | Reached XP level 12. HP: 103/103 MP: 9/11
 11286 | Lair:2   | Found a bloodstained altar of Trog.
 11398 | Lair:2   | Found a frozen archway.
 11425 | IceCv    | Entered an ice cave
 11426 | IceCv    | Found a transporter.
 11427 | IceCv    | Upgraded the game from 0.22-a0-601-gb0ed703 to 0.22-a0-605-g9281fa2
 11485 | IceCv    | Found a transporter.
 12210 | Lair:2   | Found a staircase to the Snake Pit.
 12552 | Lair:3   | Found a white marble altar of Elyvilon.
 12632 | Lair:3   | Noticed an eight-headed hydra
 12646 | Lair:3   | Killed an eight-headed hydra
 12943 | Lair:3   | Got a crystal long sword
 12946 | Lair:3   | Identified the cursed +2 long sword "Udaecs" {vamp, +Blink Int+4} (You found it on level 3 of the Lair of Beasts)
 12950 | Lair:3   | Noticed a five-headed hydra
 13013 | Lair:3   | Killed a five-headed hydra
 13390 | Lair:3   | Reached skill level 20 in Axes
 13472 | Lair:3   | Reached skill level 10 in Fighting
 14158 | Lair:3   | Found a staircase to the Swamp.
 14503 | Lair:4   | Noticed a four-headed hydra
 14518 | Lair:4   | Killed a four-headed hydra
 14653 | Lair:4   | Reached skill level 5 in Armour
 14653 | Lair:4   | Reached XP level 13. HP: 66/115 MP: 6/12
 15244 | Lair:4   | Reached ***** piety under Makhleb
 15770 | Lair:5   | Noticed Peony's ghost (adept GrGl)
 15810 | Lair:5   | Found a transporter.
 15819 | Lair:5   | Found a transporter.
 16033 | Lair:5   | Reached skill level 10 in Dodging
 16584 | Lair:6   | Entered Level 6 of the Lair of Beasts
 16595 | Lair:5   | Reached skill level 1 in Invocations
 17618 | Lair:6   | Found a staircase to the Slime Pits.
 18027 | Lair:6   | Reached XP level 14. HP: 127/127 MP: 15/15
 19047 | D:11     | Found a staircase to the Orcish Mines.
 19430 | Orc:1    | Entered Level 1 of the Orcish Mines
 19447 | Orc:1    | Noticed an orc warlord
 19449 | Orc:1    | Noticed a stone giant
 19896 | D:11     | Killed an orc warlord
 19921 | D:11     | Killed a stone giant
 20151 | Orc:1    | Found Elagea's Magic Scroll Shoppe.
 20176 | Orc:1    | Bought a scroll of enchant armour for 90 gold pieces
 20176 | Orc:1    | Bought a scroll of enchant armour for 90 gold pieces
 20176 | Orc:1    | Bought 2 scrolls of enchant armour for 180 gold pieces
 20176 | Orc:1    | Bought a scroll of teleportation for 36 gold pieces
 20207 | Orc:1    | Found Heplaudgh's Antique Weapon Boutique.
 20224 | Orc:1    | Bought a glowing battleaxe for 304 gold pieces
 20295 | Orc:2    | Entered Level 2 of the Orcish Mines
 20338 | Orc:1    | Reached skill level 5 in Invocations
 20663 | Orc:2    | Found a staircase to the Elven Halls.
 20696 | Orc:2    | Found Otoizeth's Distillery.
 21217 | Orc:2    | Found Roant's Magic Scroll Emporium.
 21218 | Orc:2    | Found Ihoulul's Armour Shop.
 21220 | Orc:2    | Bought 2 potions of haste for 320 gold pieces
 21220 | Orc:2    | Bought a potion of berserk rage for 80 gold pieces
 21220 | Orc:2    | Bought a potion of heal wounds for 80 gold pieces
 21220 | Orc:2    | Bought a potion of curing for 48 gold pieces
 21220 | Orc:2    | Bought a potion of berserk rage for 80 gold pieces
 21245 | Orc:2    | Reached XP level 15. HP: 139/139 MP: 15/18
 21246 | Orc:2    | Reached ****** piety under Makhleb
 21258 | Orc:2    | Reached skill level 15 in Fighting
 21292 | Orc:2    | Bought a scroll of teleportation for 33 gold pieces
 21292 | Orc:2    | Bought a scroll of holy word for 82 gold pieces
 21292 | Orc:2    | Bought a scroll of teleportation for 33 gold pieces
 21304 | Orc:2    | Found Kuphipt's Antique Armour Shoppe.
 22381 | D:12     | Noticed Azrael
 22403 | D:12     | Killed Azrael
 22530 | D:12     | Noticed Erolcha
 22543 | D:12     | Killed Erolcha
 23483 | D:13     | Found a gate to the Vaults.
 23724 | D:13     | Noticed Frances
 23734 | D:13     | Killed Frances
 25291 | D:15     | Entered Level 15 of the Dungeon
 25582 | D:15     | Noticed a fire giant
 25601 | D:15     | Found a staircase to the Depths.
 26000 | D:15     | Killed a fire giant
 26426 | Swamp:1  | Entered Level 1 of the Swamp
 26486 | Swamp:1  | Reached XP level 16. HP: 155/155 MP: 19/21
 26607 | Swamp:1  | Paralysed by a hornet for 3 turns
 27088 | Swamp:1  | Noticed a thorn hunter
 27100 | Swamp:1  | Killed a thorn hunter
 28099 | Swamp:3  | Reached skill level 15 in Dodging
 28398 | Swamp:3  | Noticed Bai Suzhen
 28440 | Swamp:3  | Killed Bai Suzhen
 28851 | Swamp:4  | Entered Level 4 of the Swamp
 28851 | Swamp:4  | Noticed a thorn hunter
 29404 | Swamp:4  | Noticed a thorn hunter
 29500 | Swamp:4  | Killed a thorn hunter
 29592 | Swamp:4  | Reached skill level 10 in Invocations
 29707 | Swamp:4  | Noticed Mara
 30104 | Swamp:4  | Noticed royokou's illusion
 30181 | Swamp:3  | Killed a thorn hunter
 30497 | Swamp:4  | Noticed royokou's illusion
 31586 | Swamp:4  | Noticed the 27-headed Lernaean hydra
 32444 | Swamp:4  | Reached XP level 17. HP: 110/168 MP: 19/23
 32830 | Swamp:4  | Killed the 27-headed Lernaean hydra
 33044 | Swamp:4  | Got a decaying rune of Zot
 33359 | Snake:1  | Entered Level 1 of the Snake Pit
 33359 | Snake:1  | Noticed Louise
 33370 | Snake:1  | Killed Louise
 33448 | Snake:1  | Noticed Josephine
 33466 | Snake:1  | Killed Josephine
 33878 | Snake:1  | Got a twitching pewter ring
 33880 | Snake:1  | Identified the ring "Xolehoi" {*Contam rF++ rN+++ Int-3 Stlth-} (You found it on level 1 of the Snake Pit)
 33971 | Snake:1  | Noticed Roxanne
 34014 | Snake:1  | Killed Roxanne
 34401 | Snake:2  | Noticed Asterion
 34902 | Snake:1  | Killed Asterion
 35042 | Snake:2  | Reached skill level 21 in Axes
 36067 | Snake:3  | Reached skill level 22 in Axes
 37101 | Snake:4  | Entered Level 4 of the Snake Pit
 37668 | Snake:4  | Reached XP level 18. HP: 176/176 MP: 22/24
 37780 | Snake:4  | Reached skill level 23 in Axes
 39598 | Snake:4  | Reached skill level 24 in Axes
 40118 | Snake:4  | Got a serpentine rune of Zot
 40349 | Vaults:1 | Entered Level 1 of the Vaults
 41239 | Vaults:1 | Noticed Jorgrun
 41252 | Vaults:1 | Killed Jorgrun
 41252 | Vaults:1 | Reached skill level 25 in Axes
 41409 | Vaults:1 | Paralysed by a great orb of eyes for 7 turns
 41605 | Vaults:1 | Reached XP level 19. HP: 183/183 MP: 25/25
 41753 | Vaults:1 | Found a runed gate.
 41753 | Vaults:1 | Found a runed gate.
 41753 | Vaults:1 | Found a runed gate.
 41846 | Vaults:1 | Noticed Ale Qeul's ghost (adept DsFi)
 42016 | Vaults:1 | Noticed Saint Roka
 42039 | Vaults:1 | Killed Saint Roka
 42156 | Vaults:1 | Found a snail-covered altar of Cheibriados.
 42307 | Vaults:1 | Found Maibalat's Antique Weapon Shop.
 42703 | Vaults:2 | Found a runed door.
 42703 | Vaults:2 | Found a shimmering altar of Xom.
 42703 | Vaults:2 | Noticed Bidatih's ghost (adept MiBe)
 42760 | Vaults:2 | Noticed Boris
 42773 | Vaults:2 | Killed Boris
 42773 | Vaults:2 | Reached skill level 26 in Axes
 43768 | Vaults:2 | Found a staircase to the Crypt.
 43803 | Vaults:2 | Noticed Mennas
 43834 | Vaults:2 | Killed Mennas
 44660 | Vaults:3 | Found Vets's Armour Shop.
 44684 | Vaults:3 | Found Rumnykust's Food Shop.
 44965 | Vaults:3 | Reached XP level 20. HP: 198/198 MP: 26/26
 45093 | Vaults:3 | Noticed Frederick
 45105 | Vaults:3 | Killed Frederick
 45358 | Vaults:3 | Noticed Boris
 45374 | Vaults:3 | Killed Boris
 45690 | Vaults:3 | Found Giuha's Magic Scroll Emporium.
 45698 | Vaults:3 | Bought a scroll of holy word for 90 gold pieces
 45812 | Vaults:3 | Found an opulent altar of Gozag.
 45915 | Vaults:3 | Reached skill level 10 in Armour
 46161 | Vaults:3 | Found the +8 glaive of the Guard {elec, +Rage AC+5 SInv}
 46827 | Vaults:4 | Noticed Margery
 46841 | Vaults:4 | Killed Margery
 47456 | Vaults:4 | Noticed Boris
 47480 | Vaults:4 | Killed Boris
 47489 | Vaults:4 | Noticed Xtahua
 47499 | Vaults:4 | Killed Xtahua
 48059 | Depths:1 | Entered Level 1 of the Depths
 48160 | Depths:1 | Reached XP level 21. HP: 197/210 MP: 19/27
 48340 | Depths:1 | Found a gateway to Hell.
 48500 | Depths:1 | Noticed Sojobo
 48530 | Depths:1 | Killed Sojobo
 48680 | Depths:1 | Learned a level 2 spell: Blink
 48684 | Depths:1 | Learned a level 3 spell: Teleport Other
 48689 | Depths:1 | Learned a level 4 spell: Passage of Golubria
 48751 | Depths:1 | Found a gateway to a ziggurat.
 48953 | Depths:2 | Reached skill level 1 in Translocations
 48955 | Depths:2 | Reached skill level 1 in Spellcasting
 49340 | Depths:2 | Found Liepsaq's Gadget Emporium.
 49344 | Depths:2 | Cast into level 2 of the Abyss (a wizard)
 49396 | Depths:2 | Escaped the Abyss
 49585 | Depths:2 | Identified the Tome of Unstable Clay
 49587 | Depths:2 | Identified Sif Muna's Catalogue of the Escort and Confrontation
 49639 | Depths:3 | Found the +8 demon blade "Bloodbane" {slice, *Rage +Rage Stlth-}
 49645 | Depths:3 | Found a sparkling altar of Nemelex Xobeh.
 49832 | Depths:3 | Noticed the Enchantress
 49858 | Depths:3 | Cast into level 3 of the Abyss (the Enchantress)
 49964 | Abyss:3  | Paralysed by you for 4 turns
 50066 | Abyss:3  | Reached skill level 5 in Translocations
 50177 | Abyss:3  | Gained mutation: You tend to lose your temper in combat. [a neqoxec]
 50219 | Depths:3 | Escaped the Abyss
 50534 | Depths:3 | Noticed Aizul
 51021 | Depths:3 | Reached XP level 22. HP: 220/220 MP: 28/28
 51443 | Depths:3 | Found a one-way gate to the infinite horrors of the Abyss.
 51472 | Depths:3 | Killed Aizul
 51579 | Depths:3 | Found a one-way gate leading to the halls of Pandemonium.
 52164 | Depths:4 | Reached skill level 10 in Translocations
 52484 | Depths:4 | Found Bitur's Gadget Shoppe.
 52486 | Depths:4 | Found Muedetos's Jewellery Boutique.
 52487 | Depths:4 | Found Homihed's Gadget Shoppe.
 53264 | Depths:5 | Entered Level 5 of the Depths
 53437 | Depths:5 | Noticed Jory
 53470 | Depths:5 | Killed Jory
 53994 | Depths:5 | Found a gate to the Realm of Zot.
 54905 | Vaults:2 | Reached XP level 23. HP: 145/227 MP: 19/29
 55121 | Vaults:5 | Entered Level 5 of the Vaults
 55507 | Vaults:5 | Got a fine pewter ring
 55509 | Vaults:5 | Identified the ring "Moecov" {Wiz -Tele rPois Str+4} (You found it on level 5 of the Vaults)
 55652 | Vaults:5 | Got a silver rune of Zot
 56451 | Vaults:5 | Found Jonness's Book Shoppe.
 56587 | Vaults:5 | Killed from afar by a golden dragon

Vault maps used:
D:1:      dpeg_arrival_windows_large_door, ashenzari_altar_1
D:2:      grunt_temple_overflow_open, overflow_temple_1_default,
          old_standard_altar, minmay_misc_feat_chi,
          hangedman_abyss_or_decor_stabs, kennysheep_generic_room_11
D:3:      uniq_terence
D:4:      kennysheep_mini_moat, kennysheep_little_box,
          nemelex_diamond_rough_becter, uniq_eustachio
D:5:      minmay_temple_entry_trees, first_ration
D:6:      portal_sewer_entry_d
D:7:      nemelex_xobeh_ov_fountains_minmay
D:8:      ebering_ghost_rock_garden
D:9:      lemuel_crystal_altar, minitemple, lemuel_crystal_altar,
          gammafunk_ghost_cemetery
D:10:     lair_entry_dummy
D:11:     orc_0_dummy
D:12:     uniq_azrael, uniq_erolcha
D:13:     david_vaults_4, uniq_frances
D:14:     hangedman_abyss_or_decor_stagger, hangedman_pestilent_swarm
D:15:     grunt_enter_depths_giant_problem, nicolae_benzene_ring
Temple:   nicolae_temple_figure_zero
Lair:1:   beast_lair_carwin_10, uniq_grum
Lair:2:   dummy_snake_entry, basic_altar, portal_ice_cave_demonic_guard
Lair:3:   nicolae_swamp_entry_splash_gauntlet, basic_altar,
          grunt_forest_stairs_basic
Lair:4:   lab_entry_generic, lemuel_fruit_tree, grunt_megastairs_5
Lair:5:   gammafunk_ghost_arena
Lair:6:   hangedman_lair_caniforms_friends, hangedman_lair_tendril_chambers,
          minmay_slime_entry_pillars, enter_volcano_3
Swamp:1:  nicolae_swamp_feature_on_the_river_bank
Swamp:2:  serial_swamp_ruin, evilmike_swamp_ruin_rubble_2,
          evilmike_swamp_ruin_house_3, swamp_pool5,
          nicolae_swamp_alligator_family, infiniplex_staircase_pool
Swamp:3:  hangedman_swamp_pad, swamp_pool4, uniq_bai_suzhen
Swamp:4:  swamp_basic_johnstein, uniq_mara
Snake:1:  uniq_louise, uniq_josephine, uniq_roxanne
Snake:2:  uniq_asterion
Snake:4:  grunt_snake_rune_pools
Orc:1:    serial_shops, shop, shop
Orc:2:    st_orc_open, special_room
Vaults:1: gammafunk_vaults_ghost_spectres, vaults_mumra_hexcomb,
          hangedman_vaults_maws, ontoclasm_vaults_pinch,
          hangedman_vaults_stretched_pinwheel, hangedman_vaults_impose,
          vaults_room_fours, v_misc_18, vaults_room_hangedman_quadrants,
          hangedman_vaults_capsules, serial_shops, nicolae_shop_trees,
          basic_altar, uniq_saint_roka, uniq_jorgrun
Vaults:2: ebering_vaults_ghost_xom, nicolae_vaults_network_square,
          nicolae_vaults_what_the_h, nicolae_vaults_quartermaster,
          nicolae_vaults_circle_grid_a, hangedman_vaults_corner_blocks,
          minmay_crypt_entry_simple_box, nicolae_vaults_alarming,
          ontoclasm_vaults_decontamination, uniq_mennas, uniq_boris
Vaults:3: minmay_guarded_unrand_guard_vaults, nicolae_vaults_back_hallway,
          nicolae_vaults_yaktaur_gun_rack, vaults_dpeg_ring,
          vaults_room_semicircle, hangedman_vaults_locks,
          nicolae_vaults_hallways_thing, vaults_room_corners,
          ontoclasm_vaults_ligature, basic_altar, serial_shops,
          nicolae_shop_waterfront, shop, nicolae_shop_stone, uniq_boris,
          uniq_frederick
Vaults:4: hangedman_vaults_hat, v_misc_11, vaults_room_door_ring,
          v_alt_pattern_3, vaults_room_corners, nicolae_vaults_ninety_degrees,
          nicolae_vaults_ring_of_whatevers, stair_cage_open, v_pattern_2,
          uniq_boris, uniq_xtahua, uniq_margery
Depths:1: enter_ziggurat_f, hell_entry, kennysheep_another_room,
          serial_bayou_pond_e, st_stairs_1, kennysheep_small_square,
          grunt_megastairs_2, uniq_sojobo
Depths:2: cheibrodos_lost_city_excavation, nrook_mini_backslash, serial_shops,
          shop, hell_entry, infiniplex_staircase_trident
Depths:3: minmay_tri_stars, kennysheep_flooded_box, rand_demon_pan_entry_8,
          abyss_entry_small_statue_room, hangedman_geh_valley, uniq_enchantress,
          uniq_aizul
Depths:4: minmay_open_boxes_in_corner, hangedman_coc_ice_floe,
          lemuel_statue_altar, marbit_kobold_abyss_entry, minmay_shop_grove,
          serial_bayou_shore_a, firewood_loft
Depths:5: grunt_zot_entry_bicorn, hell_entry, abyss_entry, uniq_jory
Abyss:2:  evilmike_abyss_exit_mutagenic, hangedman_stitches_earthworm
Abyss:3:  evilmike_abyss_rune_tso_outpost, minivault_23
Sewer:    sewer_kobolds
IceCv:    ice_cave_statue_garden_transporter

Skill      XL: |  1  2  3  4  5  6  7  8  9 10 11 12 13 14 15 16 17 18 19 20 21 22 23 |
---------------+----------------------------------------------------------------------+-----
Axes           | 3 4 5 7 9 11 13 16 17 19 20 22 25 26 | 26.9
Dodging        | 3 6 9 11 13 14 15 16 17 | 17.3
Fighting       | 5 8 10 12 14 17 19 21 22 23 24 | 24.0
Armour         | 5 7 9 11 | 11.8
Invocations    | 3 6 8 10 | 10.1
Translocations | 6 12 14 | 14.3
Spellcasting   | 4 |  4.0
Shields        | |  3.6

Action                   |  1- 3 |  4- 6 |  7- 9 | 10-12 | 13-15 | 16-18 | 19-21 | 22-24 || total
-------------------------+-------+-------+-------+-------+-------+-------+-------+-------++-------
Melee: War axe           |    78 |   104 |   147 |    54 |       |       |       |       ||   383
       Headbutt          |    12 |    22 |    69 |   132 |   292 |   314 |   326 |   216 ||  1383
       Broad axe         |       |       |   137 |     6 |       |       |       |       ||   143
       Battleaxe         |       |       |       |   491 |  1223 |   346 |       |       ||  2060
       Morningstar       |       |       |       |    22 |    25 |    89 |       |       ||   136
       Executioner's axe |       |       |       |       |       |   932 |  1307 |   786 ||  3025
 Cast: Blink             |       |       |       |       |       |       |       |     3 ||     3
       Passage of Golubr |       |       |       |       |       |       |       |     2 ||     2
Invok: Lesser Servant of |       |       |       |     4 |     2 |     2 |       |       ||     8
       Greater Servant o |       |       |       |       |       |    12 |    20 |     3 ||    35
Evoke: Lamp of fire      |       |       |       |       |       |       |     1 |       ||     1
  Use: Scroll            |       |       |       |    26 |    18 |     9 |     3 |     4 ||    60
       Potion            |       |       |       |     4 |     1 |     9 |     3 |     5 ||    22
 Stab: Distracted        |       |       |       |     1 |       |     7 |     7 |     2 ||    17
       Invisible         |       |       |       |       |       |     1 |       |       ||     1
       Confused          |       |       |       |       |       |       |       |     2 ||     2
  Eat: Chunk             |     1 |     4 |    12 |    21 |    34 |    20 |    29 |    11 ||   132
       Ration            |       |       |       |     3 |     2 |     9 |       |     3 ||    17
Armor: Scale mail        |    35 |    28 |       |       |       |       |       |       ||    63
       Chain mail        |       |    17 |   111 |     6 |       |       |       |       ||   134
       Plate armour      |       |       |       |   336 |   401 |   803 |   455 |   401 ||  2396
Dodge: Dodged            |    21 |    27 |    57 |   227 |   912 |  1505 |   839 |   424 ||  4012
Block: Shield            |    47 |    56 |   118 |    32 |       |       |       |       ||   253

Table legend:
 A = Spawn XP
 B = Non-spawn XP
 C = Spawn XP percentage of total XP
 D = Spawn monster count
 E = Non-spawn monster count
 F = Spawn count percentage of total count
 G = Total turns spent on level
                    A         B        C        D         E        F      G
               +---------+---------+-------+---------+---------+-------+---------
         Total |   13670 |  943478 |   1.4 |      33 |    1921 |   1.7 | 56587
               +---------+---------+-------+---------+---------+-------+---------
           D:1 |       0 |      36 |   0.0 |       0 |      19 |   0.0 |   484
           D:2 |       0 |      53 |   0.0 |       0 |      23 |   0.0 |   516
           D:3 |       0 |     315 |   0.0 |       0 |      31 |   0.0 |  1055
           D:4 |       0 |     698 |   0.0 |       0 |      23 |   0.0 |  1115
           D:5 |       0 |     697 |   0.0 |       0 |       8 |   0.0 |   653
           D:6 |       0 |    1290 |   0.0 |       0 |      22 |   0.0 |  1052
           D:7 |       0 |    1215 |   0.0 |       0 |      24 |   0.0 |  1069
           D:8 |       0 |    2097 |   0.0 |       0 |      26 |   0.0 |  1073
           D:9 |       0 |    2380 |   0.0 |       0 |      43 |   0.0 |  1605
          D:10 |       0 |    5828 |   0.0 |       0 |      39 |   0.0 |   999
          D:11 |       0 |    7611 |   0.0 |       0 |      41 |   0.0 |  1680
          D:12 |       0 |    6922 |   0.0 |       0 |      28 |   0.0 |   768
          D:13 |       0 |   20080 |   0.0 |       0 |      67 |   0.0 |  2073
          D:14 |       0 |    6901 |   0.0 |       0 |      35 |   0.0 |   878
          D:15 |       0 |   12195 |   0.0 |       0 |      23 |   0.0 |  1032
        Temple |       0 |      13 |   0.0 |       0 |       1 |   0.0 |    95
        Lair:1 |       0 |    4546 |   0.0 |       0 |      25 |   0.0 |  1316
        Lair:2 |       0 |    3134 |   0.0 |       0 |      15 |   0.0 |   918
        Lair:3 |       0 |    7178 |   0.0 |       0 |      24 |   0.0 |  2110
        Lair:4 |       0 |    6931 |   0.0 |       0 |      26 |   0.0 |   939
        Lair:5 |       0 |    7497 |   0.0 |       0 |      28 |   0.0 |  1286
        Lair:6 |       0 |   24891 |   0.0 |       0 |     108 |   0.0 |  1673
       Swamp:1 |       0 |   15058 |   0.0 |       0 |      42 |   0.0 |   860
       Swamp:2 |       0 |    9778 |   0.0 |       0 |      30 |   0.0 |   761
       Swamp:3 |       0 |   18883 |   0.0 |       0 |      26 |   0.0 |  2557
       Swamp:4 |       0 |   23974 |   0.0 |       0 |      43 |   0.0 |  2668
       Snake:1 |       0 |   18380 |   0.0 |       0 |      29 |   0.0 |  1371
       Snake:2 |       0 |   27580 |   0.0 |       0 |      46 |   0.0 |  1232
       Snake:3 |       0 |   18017 |   0.0 |       0 |      37 |   0.0 |  2270
       Snake:4 |       0 |   52939 |   0.0 |       0 |     110 |   0.0 |  1975
         Orc:1 |       0 |    8312 |   0.0 |       0 |      59 |   0.0 |   905
         Orc:2 |       0 |   16026 |   0.0 |       0 |      64 |   0.0 |  1150
      Vaults:1 |       0 |   68665 |   0.0 |       0 |     130 |   0.0 |  2313
      Vaults:2 |       0 |   60105 |   0.0 |       0 |      80 |   0.0 |  1969
      Vaults:3 |       0 |   55147 |   0.0 |       0 |      64 |   0.0 |  1825
      Vaults:4 |       0 |   62937 |   0.0 |       0 |      95 |   0.0 |  1413
      Vaults:5 |       0 |  113936 |   0.0 |       0 |     111 |   0.0 |  1466
      Depths:1 |       0 |   30983 |   0.0 |       0 |      30 |   0.0 |   881
      Depths:2 |     266 |   34584 |   0.8 |       1 |      49 |   2.0 |   693
      Depths:3 |     234 |   69252 |   0.3 |       1 |      66 |   1.5 |  1907
      Depths:4 |       0 |   56816 |   0.0 |       0 |      58 |   0.0 |  1410
      Depths:5 |       0 |   46528 |   0.0 |       0 |      38 |   0.0 |  1386
       Abyss:1 |     356 |    2180 |  14.0 |       1 |       1 |  50.0 |   112
       Abyss:2 |     253 |       0 | 100.0 |       1 |       0 | 100.0 |    52
       Abyss:3 |   12561 |    8291 |  60.2 |      29 |      12 |  70.7 |   361
         Sewer |       0 |     103 |   0.0 |       0 |      12 |   0.0 |   138
         IceCv |       0 |    2496 |   0.0 |       0 |      10 |   0.0 |   523
               +---------+---------+-------+---------+---------+-------+---------
